 Dungeon Crawl Stone Soup version 0.27.1-1-g398f81649c (webtiles) character file.

Game seed: 13542977176960312551

167 raph the Grave Robber (level 5, 0/43 HPs)
             Began as a Deep Dwarf Necromancer on Sept 21, 2021.
             Slain by Pikel (6 damage)
             ... on level 3 of the Dungeon.
             The game lasted 00:06:59 (3784 turns).

raph the Grave Robber (Deep Dwarf Necromancer)      Turns: 3784, Time: 00:06:59

Health: 0/43       AC:  7    Str: 11    XL:     5   Next: 23%
Magic:  5/8        EV: 13    Int: 17    God:
Gold:   92         SH:  0    Dex: 13    Spells: 4/9 levels left

rFire    . . .     SeeInvis .   f - +1 whip (freeze)
rCold    . . .     Faith    .   (no shield)
rNeg     . . .     Spirit   .   a - +0 robe
rPois    .         Reflect  .   (no helmet)
rElec    .         Harm     .   b - +0 cloak
rCorr    .         Rampage  .   (no gloves)
Will     .....                  (no boots)
Stlth    ++........             (no amulet)
HPRegen  0.00/turn              o - +4 ring of protection
MPRegen  0.11/turn              (no ring)

@: no status effects
A: damage resistance, heal wounds, sense surroundings 1, no regeneration
a: Heal Wounds


You were on level 3 of the Dungeon.
You visited 1 branch of the dungeon, and saw 4 of its levels.

You collected 152 gold pieces.
You spent 60 gold pieces at shops.

Inventory:

Hand Weapons
 c - a +0 dagger
 f - a +1 whip of freezing (weapon)
Missiles
 e - 14 poisoned darts
Armour
 a - a +0 robe (worn)
 b - a +0 cloak (worn)
Jewellery
 o - a +4 ring of protection (left hand)
Scrolls
 d - a scroll of fog {unknown}
 g - a scroll of teleportation
Potions
 h - 3 potions of attraction
 i - 2 potions of berserk rage
 j - 2 potions of haste
 k - 2 potions of heal wounds
 m - a potion of flight
 n - a potion of ambrosia


   Skills:
 + Level 0.7 Fighting
 + Level 3.2 Dodging
 + Level 3.8 Stealth
 + Level 2.5 Spellcasting
 * Level 5.6 Necromancy


You had 4 spell levels left.
You knew the following spells:

 Your Spells              Type           Power      Damage    Failure   Level
a - Pain                  Necr           84%        1d8       1%          1
b - Animate Skeleton      Necr           42%        N/A       1%          1
c - Vampiric Draining     Necr           10%        2d7       5%          3

Your spell library contained the following spells:

 Spells                   Type           Power      Damage    Failure   Level
 Sublimation of Blood     Necr           10%        N/A       2%          2
 Apportation              Tloc           4%         N/A       19%         1
 Shock                    Conj/Air       8%         1d3       19%         1
 Animate Dead             Necr           10%        N/A       19%         4
 Wereblood                Tmut           2%         N/A       28%         2
 Swiftness                Air            2%         N/A       50%         3
 Airstrike                Air            1%         N/A       88%         4
 Hailstorm                Conj/Ice       2%         3d3       88%         4
 Ice Form                 Ice/Tmut       2%         N/A       88%         4
 Agony                    Necr           21%        N/A       45%         5
 Alistair's Intoxication  Tmut/Pois      1%         N/A       99%         5
 Invisibility             Hex            1%         N/A       100%        6
 Simulacrum               Ice/Necr       5%         N/A       100%        6
 Summon Hydra             Summ           1%         N/A       100%        7


Dungeon Overview and Level Annotations

Branches:
Dungeon (4/15)
 Temple: D:4-7

Altars:

Shops:
D:2 !

Annotations:
D:3 Pikel


Innate Abilities, Weirdness & Mutations

You are resistant to damage.
You can heal yourself by infusing magical energy.
You passively map a small area around you.
You do not regenerate.


Message History

Deactivating autopickup; reactivate with Ctrl-A.
Something hits your adder skeleton.
The orc hits your adder skeleton with a +0 club.
Your adder skeleton is destroyed!
The orc priest mumbles some strange prayers to Beogh against you.
Pain shoots through your body!
A puff of flame appears from out of thin air!
The puff of flame hits you.
The orc priest looks satisfied for a moment.
There is a stone staircase leading up here.
You climb upwards.
Reactivating autopickup.
There is a stone staircase leading down here.
You start resting.
Magic restored.
There is a stone staircase leading down here.
You climb downwards.
The lemure shouts! x3; Pikel shouts!
The lemure hits you but does no damage.
The lemure shouts!
Found 22 gold pieces.
Found a stone staircase leading down and a stone staircase leading up.
There is a stone staircase leading up here.
The lemure hits you.
Pikel hits you with a +2 whip of electrocution.
You are electrocuted!
* * * LOW HITPOINT WARNING * * *
The lemure hits you.
* * * LOW HITPOINT WARNING * * *
You climb upwards.
There is a stone staircase leading down here.
Casting: Pain (safe; 1% risk of failure)
Confirm with . or Enter, or press ? or * to list all spells.
Aiming: Vampiric Draining (dangerous; 5% risk of failure)
Press: ? - help, Shift-Dir - straight line, f - Pikel
Aim: Pikel, wielding a +2 whip of electrocution and wearing a +0 robe You draw life force from Pikel!
You feel life coursing into your body.
Pikel hits you with a +2 whip of electrocution.
You are electrocuted!
You die...

.# #.##.#.# #...###
.############..#.#.#
#.####
.##........###.#.#.#
#....####
...............#.#.#
#.......#
...........###.#.#.#
#........ ...#########
#...#.# #........ ...#
#...#.# #.###.### ...#
#...#.# #.# #...# ...#
#.#@#.# #.# #.... ####
#######'#K#.# #.###....
#........5..# #..##....
#...........# #..######
#...........## #...###
###..#....#..## #.....###
#..##....##..# #........
#..#......#..# ##########
##.##......##.###.......#.


You could see Pikel and a lemure.

Vanquished Creatures
  Crazy Yiuf (D:3)
  A scorpion zombie (D:3)
  6 adders
  3 worms (D:3)
  3 endoplasms
  5 giant cockroaches
  4 goblins
  7 hobgoblins
  3 kobolds
  4 quokkas
  5 ball pythons
  2 bats
  6 frilled lizards
  3 rats (D:1)
53 creatures vanquished.

Vanquished Creatures (collateral kills)
  A quokka (D:1)
  A bat (D:2)
2 creatures vanquished.

Grand Total: 55 creatures vanquished

Notes
Turn   | Place    | Note
-------+----------+-------------------------------------------
     0 | D:1      | raph the Deep Dwarf Necromancer began the quest for the
                  | Orb.
     0 | D:1      | Reached XP level 1. HP: 15/15 MP: 3/3
    10 | D:1      | Learned a level 1 spell: Animate Skeleton
   300 | D:1      | Found a faded altar of an unknown god.
   304 | D:1      | Reached XP level 2. HP: 16/22 MP: 0/4
  1433 | D:2      | Found Isyhauf's Distillery.
  1452 | D:2      | Bought a potion of heal wounds for 50 gold pieces
  1452 | D:2      | Bought a potion of degeneration for 10 gold pieces
  1584 | D:2      | Reached XP level 3. HP: 20/28 MP: 6/6
  1588 | D:2      | Learned a level 3 spell: Vampiric Draining
  1723 | D:2      | Reached skill level 5 in Necromancy
  1995 | D:3      | Reached XP level 4. HP: 19/36 MP: 7/7
  3505 | D:3      | Found a runed translucent door.
  3506 | D:3      | Noticed Crazy Yiuf
  3515 | D:3      | Killed Crazy Yiuf
  3516 | D:3      | Reached XP level 5. HP: 34/43 MP: 1/8
  3718 | D:4      | Noticed an ogre
  3779 | D:4      | Noticed Pikel
  3779 | D:4      | Noticed a lemure
  3779 | D:4      | Noticed a lemure
  3779 | D:4      | Noticed a lemure
  3779 | D:4      | Noticed a lemure
  3779 | D:4      | Noticed a necrophage
  3781 | D:4      | HP: 2/43 [lemure[Pikel] (1)]
  3784 | D:3      | Slain by Pikel

Illustrated notes

Levels and vault maps discovered:
D:1:      minmay_arrival_split_and_join, layout_rooms, basic_ecumenical_altar,
          minmay_worlds_worst_comb
D:2:      layout_basic, serial_shops, shop
D:3:      minmay_recursive_quarters, layout_basic, minmay_misc_feat_iff,
          uniq_crazy_yiuf_cottage
D:4:      layout_rooms, serial_bayou_pond_d, uniq_pikel

Skill      XL: |  1  2  3  4 |
---------------+-------------+-----
Spellcasting   | 2 |  2.5
Stealth        | 3 |  3.8
Necromancy     | 5 |  5.6
Dodging        | 3 |  3.2
Fighting       | |  0.7

Action                   |  1- 3 |  4- 6 || total
-------------------------+-------+-------++-------
Melee: Whip              |    33 |    18 ||    51
 Cast: Pain              |    44 |    27 ||    71
       Animate Skeleton  |    10 |     3 ||    13
       Vampiric Draining |     5 |    11 ||    16
  Use: Scroll            |       |     9 ||     9
 Stab: Sleeping          |     2 |     1 ||     3
Armor: Robe              |     8 |     6 ||    14
Dodge: Dodged            |    23 |    17 ||    40
